 Dungeon Crawl Stone Soup version 0.30.1-11-g7821555f0a (webtiles) character file.

Game seed: 5318767152994932722

8 lonewolfV2 the Trooper (level 2, -1/24 HPs)
             Began as a Demonspawn Fighter on Oct 27, 2023.
             Slain by a jackal (2 damage)
             ... on level 1 of the Dungeon.
             The game lasted 00:00:34 (171 turns).

lonewolfV2 the Trooper (Demonspawn Fighter)          Turns: 171, Time: 00:00:34

Health: -1/24      AC:  6    Str: 16    XL:     2   Next: 0%
Magic:  2/2        EV:  9    Int: 11    God:
Gold:   35         SH:  4    Dex: 12    Spells: 1/1 levels left

rFire   . . .        a - +0 war axe
rCold   . . .        c - +0 buckler
rNeg    . . .        b - +0 scale mail
rPois   .            (no helmet)
rElec   .            (no cloak)
rCorr   .            (no gloves)
SInv    .            (no boots)
Will    .....        (no amulet) Stlth
                     (no ring)
HPRegen 0.24/turn    (no ring)
MPRegen 0.08/turn

%: no passive effects
@: no status effects
A: big brain 1
a: no special abilities


You were on level 1 of the Dungeon.
You visited 1 branch of the dungeon, and saw 1 of its levels.

You collected 35 gold pieces.

Inventory:

Hand Weapons
 a - a +0 war axe (weapon)
Armour
 b - a +0 scale mail (worn)
 c - a +0 buckler (worn)
Scrolls
 f - a scroll of noise {unknown}
 g - a scroll of fog {unknown}
Potions
 d - a potion of might
 e - 3 potions of attraction {unknown}


   Skills:
 - Level 3.0 Fighting
 - Level 1.7 Axes
 + Level 2.8 Armour
 * Level 1.0 Dodging
 + Level 2.8 Shields


You had one spell level left.
You didn't know any spells.
Your spell library was empty.

Dungeon Overview and Level Annotations

Branches:
Dungeon (1/15)

Altars:

Shops:
D:1 !


Innate Abilities, Weirdness & Mutations

You have an unusually large brain. (Int +2)


Message History

You block the jackal's attack.
The jackal bites you but does no damage.
The kobold hits you but does no damage.
The quokka bites you but does no damage.
The jackal barely misses you. x2; The kobold hits you with a +0 club.
The quokka bites you but does no damage.
The jackal bites you but does no damage. x2
You block the quokka's attack. The kobold hits you but does no damage.
The jackal barely misses you. The jackal closely misses you.
The jackal closely misses you. The jackal bites you. The quokka bites you.
The kobold misses you. The jackal barely misses you.
You block the jackal's attack. The quokka closely misses you.
You block the kobold's attack. The jackal barely misses you.
The jackal bites you but does no damage.
The quokka closely misses you. You block the jackal's attack.
The jackal bites you. The kobold hits you but does no damage.
You block the quokka's attack.
The jackal bites you but does no damage. x2
The kobold hits you with a +0 club.
* * * LOW HITPOINT WARNING * * *
The quokka bites you.
* * * LOW HITPOINT WARNING * * *
The jackal barely misses you.
The jackal bites you but does no damage.
The quokka bites you.
* * * LOW HITPOINT WARNING * * *
The kobold hits you but does no damage.
The jackal bites you but does no damage.
The jackal misses you. The jackal barely misses you. The jackal misses you.
The quokka closely misses you. You block the kobold's attack.
The jackal barely misses you. x2; The quokka completely misses you.
You block the kobold's attack. The jackal closely misses you.
The jackal bites you but does no damage.
The quokka bites you but does no damage.
The jackal bites you.
* * * LOW HITPOINT WARNING * * *
The jackal bites you.
You die...

#.#.........# #.#
#.#.#.......# #.#
#.#.#.......# #.#
#.#.#.......# #.#
#.#)#.......# #.#
#########.#.#.....†.#
#.#
#........J....####'##
#.## #.......Khh.###
#.# #... ...+''r@..#
#.# #### ) +∩+....#
#.#
+'+....######.#######
#...##.#.............
######.#.##..........
#.# #.......... .#
#.......... .#
#..........
#..........


You could see an endoplasm, a quokka, 2 jackals and a kobold.

Vanquished Creatures
  2 ball pythons (D:1)
  A goblin (D:1)
  2 jackals (D:1)
  A kobold (D:1)
  A rat (D:1)
7 creatures vanquished.

Notes
Turn   | Place    | Note
-------+----------+-------------------------------------------
     0 | D:1      | lonewolfV2 the Demonspawn Fighter began the quest for the
                  | Orb.
     0 | D:1      | Reached XP level 1. HP: 18/18 MP: 1/1
   116 | D:1      | Reached skill level 1 in Dodging
   116 | D:1      | Gained mutation: You have an unusually large brain. (Int
                  | +2) [demonic ancestry]
   116 | D:1      | Reached XP level 2. HP: 23/24 MP: 2/2
   130 | D:1      | Found Toaczup's Distillery.
   168 | D:1      | HP: 1/24 [quokka (1)]
   171 | D:1      | Slain by a jackal

Illustrated notes

Levels and vault maps discovered:
D:1:      doesnt_arrival_eight_statues, layout_basic, serial_shops,
          nicolae_shop_tiny_real_fake_doors

Skill      XL: |  1 |
---------------+----+-----
Dodging        | 1 |  1.0
Fighting       | |  3.0
Axes           | |  1.7
Armour         | |  2.8
Shields        | |  2.8

Action                     || total
---------------------------++-------
  Melee: War axe           ||    16
 Armour: Scale mail        ||    56
  Dodge: Dodged            ||    65
  Block: Buckler           ||    25
